 Dungeon Sprint DCSS version 0.20-a0-739-g6bb112f (webtiles) character file.

157 Kidiri the Magician (level 5, -1/32 HPs)
             Began as a Deep Elf Fire Elementalist on Feb 24, 2017.
             Was an Initiate of Vehumet.
             Killed from afar by a deep elf mage (25 damage)
             ... with a bolt of lightning
             ... in the Dungeon (Sprint III: "The Ten Rune Challenge").
             The game lasted 00:02:50 (459 turns).

Kidiri the Magician (Deep Elf Fire Elementalist)     Turns: 459, Time: 00:02:54

Health: -1/32      AC:  3    Str:  5    XL:     5   Next: 15%
Magic:  5/17       EV: 14    Int: 23    God:    Vehumet [......]
Gold:   26         SH:  0    Dex: 13    Spells: 1/19 levels left

rFire    . . .     SeeInvis .   j - +0 dagger
rCold    . . .     Gourm    .   a - +0 robe
rNeg     . . .     Faith    .   (no shield)
rPois    .         Spirit   .   (helmet restricted)
rElec    .         Reflect  .   l - +0 cloak
rCorr    .         Harm     .   (no gloves)
MR       .....     NoTele   +   (no boots)
Stlth    ++........             (no amulet)
Regen    0.1/turn               (no ring)
MPRegen  0.2/turn               (no ring)

@: very slightly contaminated
A: beak, clever 1, clumsy 1, wild magic 1
a: Renounce Religion


You were in the Dungeon.
You worshipped Vehumet.
Vehumet was noncommittal.
You were not hungry.

You visited 1 branch You collected 26 gold pieces.

Inventory:

Hand Weapons
 j - a +0 dagger (weapon)
Armour
 a - a +0 robe (worn)
 l - a +0 cloak (worn)
Scrolls
 i - a scroll of blinking
 n - a scroll of holy word
 o - a scroll of remove curse {unknown}
 r - a scroll of immolation {unknown}
 s - a scroll of fog {unknown}
Potions
 d - a potion of curing
 e - 2 potions of heal wounds
 f - a potion of haste
 g - 2 potions of magic
 h - a potion of berserk rage
 m - 2 potions of mutation
 q - a potion of resistance
Comestibles
 c - a bread ration
 k - 3 chunks of flesh
 p - 2 royal jellies


   Skills:
 + Level 2.8 Fighting
 + Level 0.0 Short Blades
 + Level 2.9 Armour
 + Level 5.2 Dodging
 - Level 2.4 Stealth
 * Level 7.9 Spellcasting
 + Level 4.3 Conjurations
 + Level 5.4 Fire Magic


You had one spell level left.
You knew the following spells:

 Your Spells              Type           Power        Failure   Level  Hunger
a - Flame Tongue          Conj/Fire      #####        1%          1    None
b - Throw Flame           Conj/Fire      #####.       2%          2    None
c - Conjure Flame         Conj/Fire      #####...     6%          3    None
d - Inner Flame           Hex/Fire       ####....     14%         3    None
e - Sticky Flame          Conj/Fire      #####...     17%         4    ###....
f - Fireball              Conj/Fire      #####.....   38%         5    #####..


Dungeon Overview and Level Annotations

Branches:
Dungeon (1/1)

Altars:
Elyvilon
Kikubaaqudgha
Sif Muna
Vehumet
Zin
The Shining One


Innate Abilities, Weirdness & Mutations

You have a beak for a mouth.
Your mind is acute. (Int +2)
You are clumsy. (Dex -2)
Your spells are a little harder to cast, but a little more powerful.


Message History

Casting: Flame Tongue
Confirm with . or Enter, or press ? or * to list all spells.
Aiming: Flame Tongue
Press: ? - help, Shift-Dir - straight line, f/p - deep elf mage
Aim: a deep elf mage, wielding a long sword of holy wrath (lightly wounded, covered in liquid flames)
The flame tongue hits the deep elf mage.
The deep elf mage is moderately wounded.
The deep elf mage burns!
Casting: Flame Tongue
Confirm with . or Enter, or press ? or * to list all spells.
Aiming: Flame Tongue
Press: ? - help, Shift-Dir - straight line, f/p - deep elf mage
Aim: a deep elf mage, wielding a long sword of holy wrath (heavily wounded, covered in liquid flames)
The flame tongue hits the deep elf mage.
The deep elf mage is severely wounded.
The deep elf mage burns!
The deep elf mage gestures at you while chanting.
The bolt of lightning hits you!
Ouch! That really hurt!
You die...

▓▓▓▓▓ ▓▓▓ #...####
##.#####
#......#####..#__e#
#..÷....#..#..#.@.#
##.##...#!.#..###'#+###+
##.###..##+#..#..........
###.##..###...'.⌠........
#..##..####...#...######+
...##..###....#.⌠.#
..##...##.....#...#
.##....#.)....#+###
###..##.#.....#.::#


You could see a deep elf mage (burning).

Vanquished Creatures
  A water elemental (D)
  Crazy Yiuf (D)
  A wizard (D)
  A human (D)
  A kobold demonologist (D)
  An ooze (D)
  3 rats (D)
9 creatures vanquished.

Vanquished Creatures (others)
  2 draconian scorchers (D)
  6 hellions (D)
  A yaktaur (D)
  A plant (D)
10 creatures vanquished.

Grand Total: 19 creatures vanquished

Notes
Turn   | Place    | Note
-------+----------+-------------------------------------------
     0 | D        | Kidiri the Deep Elf Fire Elementalist began the quest for the Orb.
     0 | D        | Reached XP level 1. HP: 10/10 MP: 6/6
    80 | D        | Killed a hellion
    89 | D        | Killed a hellion
    93 | D        | Killed a yaktaur
   101 | D        | Killed a hellion
   105 | D        | Killed a hellion
   123 | D        | Noticed Crazy Yiuf
   144 | D        | Reached skill level 1 in Fighting
   144 | D        | Reached skill level 1 in Armour
   144 | D        | Reached skill level 4 in Spellcasting
   144 | D        | Reached XP level 2. HP: 15/16 MP: 0/9
   151 | D        | Learned a level 2 spell: Throw Flame
   180 | D        | Killed a white draconian scorcher
   191 | D        | Killed a white draconian scorcher
   230 | D        | Killed Crazy Yiuf
   230 | D        | Reached skill level 5 in Spellcasting
   230 | D        | Reached XP level 3. HP: 21/21 MP: 7/12
   235 | D        | Learned a level 3 spell: Conjure Flame
   239 | D        | Learned a level 3 spell: Inner Flame
   256 | D        | Killed a hellion
   257 | D        | Killed a hellion
   268 | D        | Gained mutation: Your body sometimes deteriorates upon taking damage. [potion of mutation]
   268 | D        | Gained mutation: You are clumsy. (Dex -2) [potion of mutation]
   268 | D        | Lost mutation: You are clumsy. (Dex -2) [potion of mutation]
   268 | D        | Gained mutation: Your movements are slightly less encumbered by armour. (ER -2) [potion of mutation]
   269 | D        | Lost mutation: Your body sometimes deteriorates upon taking damage. [potion of mutation]
   269 | D        | Lost mutation: Your movements are slightly less encumbered by armour. (ER -2) [potion of mutation]
   269 | D        | Gained mutation: Your spells are a little harder to cast, but a little more powerful. [potion of mutation]
   269 | D        | Gained mutation: Your mind is acute. (Int +2) [potion of mutation]
   269 | D        | Gained mutation: You are clumsy. (Dex -2) [potion of mutation]
   269 | D        | Gained mutation: You have a beak for a mouth. [potion of mutation]
   277 | D        | Noticed a water elemental
   280 | D        | Killed a water elemental
   280 | D        | Reached skill level 7 in Spellcasting
   280 | D        | Reached skill level 5 in Fire Magic
   280 | D        | Reached XP level 4. HP: 27/27 MP: 9/15
   286 | D        | Learned a level 4 spell: Sticky Flame
   327 | D        | Found a radiant altar of Vehumet.
   328 | D        | Found a deep blue altar of Sif Muna.
   328 | D        | Found an ancient bone altar of Kikubaaqudgha.
   328 | D        | Noticed a wizard
   334 | D        | Killed a wizard
   334 | D        | Reached skill level 5 in Dodging
   334 | D        | Reached XP level 5. HP: 22/31 MP: 3/17
   349 | D        | Became a worshipper of Vehumet
   359 | D        | Learned a level 5 spell: Fireball
   451 | D        | Found a glowing silver altar of Zin.
   452 | D        | Found a glowing golden altar of the Shining One.
   452 | D        | Found a white marble altar of Elyvilon.
   452 | D        | Noticed a deep elf mage
   459 | D        | Killed from afar by a deep elf mage

Vault maps used:
D:        dungeon_sprint_mu

Skill      XL: |  1  2  3  4 |
---------------+-------------+-----
Dodging        | 3 4 5 |  5.2
Fighting       | 1 2 |  2.8
Armour         | 1 2 |  2.9
Spellcasting   | 4 5 7 |  7.9
Conjurations   | 2 3 4 |  4.3
Fire Magic     | 4 5 |  5.4
Stealth        | |  2.4

Action                   |  1- 3 |  4- 6 || total
-------------------------+-------+-------++-------
Melee: Unarmed           |       |     1 ||     1
 Cast: Flame Tongue      |    20 |     7 ||    27
       Conjure Flame     |     1 |       ||     1
       Sticky Flame      |       |     2 ||     2
  Use: Scroll            |     3 |       ||     3
       Potion            |     2 |       ||     2
Armor: Robe              |     1 |     2 ||     3
Dodge: Dodged            |     6 |     2 ||     8
